 Dungeon Crawl Stone Soup version 0.32-a0-975-g85d4e5bfdb (webtiles) character file.

Game seed: 14643262955310659250

102954 Aldia the Warrior (level 16, -7/189 (204) HPs)
             Began as a Coglin Artificer on Apr 19, 2024.
             Was a High Priest of Trog.
             Mangled by a torpor snail (10 damage)
             ... on level 1 of the Spider Nest.
             The game lasted 00:49:58 (24818 turns).

Aldia the Warrior (Coglin Artificer)               Turns: 24818, Time: 00:49:58

HP:   -7/189 (204)  AC: 14    Str: 12    XL:     16   Next: 34%
MP:   16/16         EV: 20    Int: 13    God:    Trog [*****.]
Gold: 767           SH:  0    Dex: 25    Spells: 15/15 levels left

rFire   + + .        i - +11 dagger "Opaopull" {heavy, rPois Dex+4}
rCold   . . .        W - +5 scimitar (freeze) {Xochipepe}
rNeg    . . .        n - +2 ring mail {rF+}
rPois   +            J - +2 helmet
rElec   .            H - +2 cloak
rCorr   +            (no gloves)
SInv    .            (no boots)
Will    +....        (amulet unavailable) Stlth
                     (ring unavailable)
HPRegen 0.51/turn    (ring unavailable)
MPRegen 0.15/turn    b - neodymium module {rPois rF+ rCorr Clar RMsl}

%: repel missiles, clarity
@: berserking (expiring), corroded, slowed, drained, revved
A: off-hand wielding, slow wielding, warmup strikes, no jewellery
a: Renounce Religion, Berserk, Trog's Hand, Brothers in Arms


You were on level 1 of the Spider Nest.
You worshipped Trog.
Trog was extremely pleased with you.
You visited 5 branches of the dungeon, and saw 24 of its levels.
You also visited: Volcano.

You collected 1850 gold pieces.
You spent 1083 gold pieces at shops.

Inventory:

Hand Weapons
 i - the +11 dagger "Opaopull" (weapon) {heavy, rPois Dex+4}
   (You found it on level 2 of the Dungeon)

   Dex+4:     It affects your dexterity (+4).
   rPois:     It protects you from poison.
 F - a +0 short sword of speed {Shatu-murrim}
 W - a +5 scimitar of freezing (offhand) {Xochipepe}
Missiles
 z - 2 curare-tipped darts
 O - a throwing net
 P - 5 silver javelins
Armour
 n - a +2 ring mail of fire resistance (worn)
 r - a +2 leather armour of cold resistance
 x - a +1 plate armour of cold resistance
 H - a +2 cloak (worn)
 J - a +2 helmet (worn)
 R - a +2 ring mail of willpower
 S - the +0 scale mail of Instinct {rC+ Str+3}
   (You found it on level 13 of the Dungeon)

   Str+3:     It affects your strength (+3).
   rC+:       It protects you from cold.
 X - a +3 leather armour of fire resistance
Gizmo
 b - a neodymium module (installed) {rPois rF+ rCorr Clar RMsl}
   (You invented it yourself on level 4 of the Lair of Beasts)

   [neodymium module]

   rF+:       It protects you from fire.
   rPois:     It protects you from poison.
   Clar:      It protects you from confusion, rage, mesmerisation and fear.
   RMsl:      It protects you from missiles.
   rCorr:     It protects you from acid and corrosion.
Wands
 c - a wand of flame (27) (quivered)
 d - a wand of charming (6)
 e - a wand of iceblast (6)
 h - a wand of polymorph (25)
 q - a wand of paralysis (17)
 u - a wand of quicksilver (12)
 G - a wand of mindburst (8)
 U - a wand of digging (3)
Scrolls
 f - 2 scrolls of revelation
 l - 3 scrolls of immolation
 o - 5 scrolls of blinking
 p - 2 scrolls of enchant weapon
 v - a scroll of fear
 w - a scroll of summoning
 y - 3 scrolls of teleportation
 A - 5 scrolls of poison
 B - 5 scrolls of noise
 C - 4 scrolls of fog
 E - a scroll of brand weapon
 M - 4 scrolls of identify
 N - 2 scrolls of vulnerability
 V - a scroll of silence
Potions
 a - a potion of ambrosia
 g - a potion of enlightenment
 j - 2 potions of invisibility
 k - 2 potions of heal wounds
 s - 8 potions of curing
 t - 2 potions of mutation
 D - 4 potions of attraction
 I - a potion of berserk rage
 K - a potion of haste
 L - a potion of resistance
 Q - 2 potions of cancellation
 T - 2 potions of lignification
Miscellaneous
 m - a Gell's gravitambourine (2/2)


   Skills:
 - Level 15.0 Fighting
 - Level 10.0(12.2) Short Blades
 - Level 12.3(14.0) Long Blades
 + Level 11.3 Armour
 + Level 13.9 Dodging
 - Level 1.0 Stealth
 - Level 5.0 Evocations


You had 15 spell levels left.
You didn't know any spells.
Your spell library contained the following spells:

 Spells                   Type           Power      Damage    Failure   Level
 Animate Dead             Necr           0%         N/A       99%         4
 Borgnjor's Vile Clutch   Necr/Erth      0%         N/A       100%        5
 Death Channel            Necr           0%         N/A       100%        6


Dungeon Overview and Level Annotations

Branches:
Dungeon (15/15)            Temple (1/1) D:4            Lair (5/5) D:8
 Shoals (0/4) Lair:2       Spider (1/4) Lair:2        Slime (0/5) Lair:4
    Orc (2/2) D:11            Elf (0/3) Orc:2        Vaults (0/5) D:14
 Depths (0/4) D:15        Volcano (visited)

Altars:
Ashenzari
Cheibriados
Dithmenos
Elyvilon
Fedhas
Gozag
Hepliaklqana
Kikubaaqudgha
Makhleb
Nemelex Xobeh
Okawaru
Qazlal
Ru
Sif Muna
Trog
Uskayaw
Vehumet
Wu Jian
Xom
Yredelemnul
Zin
The Shining One
Beogh

Shops:
D:4 [*==   D:10 *(   D:13 ?[[   Orc:2 *=[=(

Portals:
Hell: Lair:5
Trove: D:11 (give 2 scrolls of acquirement)

Annotations:
D:8 3 runed translucent doors, olddryhag's ghost, novice MDWn
D:14 Roxanne
Lair:2 3 runed translucent doors, Chadd's ghost, journeyman CoHu
Lair:5 2 exclusions


Innate Abilities, Weirdness & Mutations

You can wield a second weapon in your off-hand.
It takes a long time for you to wield or remove held weapons.
Your first few attacks do less damage.
You cannot equip rings or amulets.


Message History

The jumping spider closely misses you.
The jumping spider bites you but does no damage.
The wolf spider misses you. The wolf spider barely misses you.
The jumping spider pounces on you.
* * * LOW HITPOINT WARNING * * *
You are caught in a web!
The jumping spider completely misses you.
The torpor snail bites you!
* * * LOW HITPOINT WARNING * * *
There is a web, spattered with blood here.
Unknown command.
Unknown command.
You are too berserk!
You are too berserk!
The web tears apart.
You feel a strong urge to attack something.
The redback bites you.
* * * LOW HITPOINT WARNING * * *
The wolf spider completely misses you. The wolf spider misses you.
The jumping spider misses you.
The jumping spider bites you but does no damage.
The redback misses you.
Unknown command.
Unknown command.
Unknown command.
You are too berserk!
You closely miss the jumping spider with your +5 scimitar of freezing.
The jumping spider is severely wounded.
You puncture the jumping spider with the +11 dagger "Opaopull"!
You feel the power of Trog in you as your rage grows.
You kill the jumping spider!
Trog accepts your kill.
A freezing mist starts to gather...
A jumping spider simulacrum comes into view.
The jumping spider completely misses you.
The jumping spider closely misses you.
A redback comes into view.
The wolf spider barely misses you. The wolf spider closely misses you.
The redback misses you. The torpor snail bites you!
You die...

#.# ##.. ##.. ^.# .#
#...###.. .##
#....#..### #..#
##....^^.#### ...#
##.#..^..#.#.###..##..
#.#.#.#.##....#(..s.(##
......#...^.#..sws#.....
.. ##......##Z..@°..#
.#^ #.#..#####.s##......
....#...## ##..# ###.#
.###...### .s###..
....##.#.## #.......
.........^####.....#
.#..#.....##.#...^..
##...###..#...##.#>#
##.. #...#......#


You could see a torpor snail (soul bound), a wolf spider (soul bound), an orb
spider (soul bound), a jumping spider (soul bound), 2 redbacks and a jumping
spider simulacrum.

Vanquished Creatures
  Kirke (Lair:5)
  An orc warlord (Orc:2)
  An entropy weaver (Spider:1)
  2 vault guards (D:14)
  2 rakshasas (D:15)
  4 hydras
  Erolcha (Orc:1)
  A catoblepas (Lair:5)
  An ogre mage (Volcano)
  7 two-headed ogres
  6 boulder beetles
  2 tengu warriors
  10 death yaks (Lair:4)
  An occultist (D:15)
  5 orc high priests
  A hell knight (Volcano)
  3 skysharks
  A pharaoh ant (Spider:1)
  A sixfirhy (Lair:5)
  An orb spider (Spider:1)
  An obsidian statue (Volcano)
  A phantasmal warrior (D:15)
  3 lindwurms
  A harpy (shapeshifter) (D:13)
  A necromancer (D:15)
  5 orc sorcerers
  3 deep elf pyromancers
  4 orc knights
  2 manticores
  4 cyclopes
  6 ugly things
  A centaur zombie (D:15)
  Joseph (D:8)
  Maurice (D:8)
  5 kobold blastminers (Orc:2)
  6 elephants (Lair:1)
  9 black mambas
  An orange demon (Lair:5)
  3 centaur skeletons (D:15)
  3 torpor snails
  A smoke demon (Lair:5)
  11 cane toads
  2 gargoyles
  2 freezing wraiths (D:15)
  11 rime drakes
  4 yaktaurs
  An unseen horror (D:10)
  A tengu conjurer (D:15)
  5 kobold demonologists
  11 komodo dragons
  4 trolls
  3 red devils (Lair:5)
  An ice devil (Lair:5)
  A polar bear (Lair:5)
  3 jumping spiders (Spider:1)
  A snapping turtle (Lair:2)
  28 blink frogs
  A wolf spider simulacrum (D:15)
  5 dream sheep
  6 slime creatures (D:13)
  A water elemental (Lair:2)
  A centaur simulacrum (D:15)
  A shadow (D:10)
  5 wraiths
  49 yaks
  4 basilisks
  2 humans (D:14)
  3 hogs (Lair:5)
  4 wyverns
  5 fire bats (Volcano)
  4 wargs
  3 redbacks
  10 vampire mosquitoes
  2 steam dragons
  2 acid dragons
  14 water moccasins
  4 hell hounds (Lair:5)
  A sky beast (D:7)
  23 orc warriors
  A black bear (Lair:3)
  8 ogres
  7 centaurs
  10 wolves
  10 kobold brigands
  10 bullfrogs
  3 gnoll sergeants
  2 wyvern zombies (D:8)
  4 scorpions
  5 wights (D:8)
  3 electric eels
  A howler monkey (D:5)
  8 lava snakes
  4 jellies
  A hound (D:3)
  9 orc priests
  Ijyb (D:3)
  4 sleepcaps
  15 orc wizards
  3 iguanas
  A boggart simulacrum (D:12)
  15 gnolls
  6 adders
  A white imp (D:6)
  2 ribbon worms
  2 dart slugs
  46 orcs
  4 endoplasms
  3 giant cockroaches
  7 goblins
  6 hobgoblins
  3 jackals (D:2)
  3 quokkas
  5 ball pythons
  5 bats
  2 frilled lizards
  28 kobolds
  10 rats
611 creatures vanquished.

Vanquished Creatures (collateral kills)
  2 vault guards (D:14)
  An arcanist (Lair:5)
  A cane toad (Lair:4)
  5 humans (D:14)
  A yak (D:9)
  A bullfrog (Lair:4)
11 creatures vanquished.

Vanquished Creatures (others)
  A vault guard (D:14)
  An acid dragon (D:9)
2 creatures vanquished.

Grand Total: 624 creatures vanquished

Notes
Turn   | Place    | Note
-------+----------+-------------------------------------------
     0 | D:1      | Aldia the Coglin Artificer began the quest for the Orb.
     0 | D:1      | Reached XP level 1. HP: 15/15 MP: 1/1
    98 | D:1      | Reached skill level 1 in Dodging
   154 | D:1      | Reached skill level 1 in Stealth
   154 | D:1      | Reached skill level 1 in Short Blades
   154 | D:1      | Reached XP level 2. HP: 21/21 MP: 2/2
   456 | D:1      | Reached skill level 2 in Fighting
   479 | D:1      | Reached XP level 3. HP: 27/27 MP: 3/3
   977 | D:2      | Identified the +11 dagger "Opaopull" {heavy, rPois Dex+4}
  1013 | D:2      | Reached XP level 4. HP: 34/34 MP: 4/4
  1911 | D:3      | Reached XP level 5. HP: 40/40 MP: 5/5
  1947 | D:3      | Noticed Ijyb
  1954 | D:3      | Killed Ijyb
  1955 | D:3      | Reached skill level 3 in Fighting
  2068 | D:3      | Found an opulent altar of Gozag.
  2190 | D:4      | Found a broken altar of Ashenzari.
  2232 | D:4      | Identified the +11 quarterstaff of Actus Reus {flame,
                  | rElec}
  2249 | D:4      | Found Gadoyse's Jewellery Shop.
  2542 | D:4      | Identified the +5 quarterstaff of the Final Lives {drain,
                  | Str+4 SInv}
  2544 | D:4      | Found Xomupast's General Store.
  2566 | D:4      | Found a staircase to the Ecumenical Temple.
  2642 | D:4      | Found Tiuth's Jewellery Boutique.
  2697 | D:4      | Found Waabux's Assorted Antiques.
  2812 | D:4      | Found Dug Hist's Armour Shoppe.
  2884 | D:4      | Found a shimmering altar of Xom.
  2982 | Temple   | Entered the Ecumenical Temple
  2997 | Temple   | Became a worshipper of Trog the Wrathful
  3063 | D:4      | Bought a bubbling white potion for 23 gold pieces
  3063 | D:4      | Bought a murky inky potion for 23 gold pieces
  3085 | D:5      | Entered Level 5 of the Dungeon
  3360 | D:5      | Noticed an ogre
  3365 | D:5      | Killed an ogre
  3366 | D:5      | Reached XP level 6. HP: 47/47 MP: 6/6
  3395 | D:5      | Reached XP level 7. HP: 53/53 MP: 7/7
  3464 | D:5      | Reached skill level 4 in Fighting
  4313 | D:6      | Reached skill level 5 in Evocations
  4377 | D:6      | Reached skill level 5 in Short Blades
  4580 | D:6      | Reached XP level 8. HP: 61/61 MP: 8/8
  4985 | D:7      | Reached skill level 5 in Fighting
  5013 | D:7      | Reached skill level 7 in Fighting
  5013 | D:7      | Reached XP level 9. HP: 74/74 MP: 9/9
  5022 | D:7      | Reached skill level 8 in Fighting
  5022 | D:7      | Reached skill level 10 in Short Blades
  5033 | D:7      | Reached * piety under Trog
  5223 | D:7      | Reached skill level 9 in Fighting
  5223 | D:7      | Reached XP level 10. HP: 79/83 MP: 10/10
  5639 | D:7      | Found a burning altar of Makhleb.
  5639 | D:7      | Found a glowing silver altar of Zin.
  6019 | D:8      | Noticed Maurice
  6028 | D:8      | Killed Maurice
  6064 | D:8      | Found an ornate altar of the Wu Jian Council.
  6067 | D:8      | Reached ** piety under Trog
  6077 | D:8      | Reached skill level 10 in Fighting
  6161 | D:8      | Found a stormy altar of Qazlal.
  6197 | D:8      | Found a runed translucent gate.
  6197 | D:8      | Found a runed translucent gate.
  6197 | D:8      | Found a runed translucent gate.
  6197 | D:8      | Noticed olddryhag's ghost (novice MDWn)
  6199 | D:8      | Found a basalt altar of Yredelemnul.
  6384 | D:8      | Found a staircase to the Lair.
  6430 | D:8      | Noticed Joseph
  6443 | D:8      | Killed Joseph
  6444 | D:8      | Reached skill level 5 in Armour
  7140 | D:9      | Reached XP level 11. HP: 90/91 MP: 11/11
  7338 | D:9      | Found a shadowy altar of Dithmenos.
  7386 | D:9      | Noticed a manticore
  7392 | D:9      | HP: 4/92 [manticore/volley of spikes (15)]
  7395 | D:9      | Killed a manticore
  8146 | D:10     | Entered Level 10 of the Dungeon
  8153 | D:10     | Found Simuri's Assorted Antiques.
  8162 | D:10     | Bought a golden potion for 25 gold pieces
  8162 | D:10     | Bought an amethyst potion for 25 gold pieces
  8162 | D:10     | Bought a scroll of teleportation for 84 gold pieces
  8183 | D:10     | Reached skill level 11 in Fighting
  8187 | D:10     | Reached *** piety under Trog
  8741 | D:10     | Found Lovysaku's Antique Weapon Emporium.
  9030 | D:11     | Noticed a cyclops
  9030 | D:11     | Found a staircase to the Orcish Mines.
  9040 | D:11     | Killed a cyclops
  9429 | D:11     | Noticed a two-headed ogre
  9440 | D:11     | Killed a two-headed ogre
  9441 | D:11     | Reached skill level 12 in Fighting
  9505 | D:11     | Found a hide-covered altar of Uskayaw.
  9707 | D:11     | Found a portal to a secret trove of treasure.
 10062 | D:12     | Reached XP level 12. HP: 102/102 MP: 12/12
 10076 | D:12     | Noticed a sun demon
 10080 | D:12     | HP: 5/102 [sun demon[a kobold demonologist] (12)]
 10605 | D:12     | Found a bloodstained altar of Trog.
 10990 | D:13     | Noticed a tengu warrior
 10990 | D:13     | Found Quafaz's Magic Scroll Emporium.
 10997 | D:13     | Killed a tengu warrior
 11004 | D:13     | Bought a scroll of blinking for 82 gold pieces
 11004 | D:13     | Bought a scroll of identify for 22 gold pieces
 11004 | D:13     | Bought a scroll of blinking for 82 gold pieces
 11004 | D:13     | Bought a scroll of revelation for 82 gold pieces
 11004 | D:13     | Bought a scroll of enchant armour for 82 gold pieces
 11097 | D:13     | Reached **** piety under Trog
 11163 | D:13     | Found Amauha Xoner's Armour Shop.
 11223 | D:13     | Identified the +0 scale mail of Instinct {rC+ Str+3}
 11239 | D:13     | Found an iron altar of Okawaru.
 11502 | D:13     | Reached skill level 13 in Fighting
 11532 | D:13     | Noticed a two-headed ogre
 11539 | D:13     | Killed a two-headed ogre
 11866 | D:13     | Found Zapteuj's Armour Shop.
 12264 | D:14     | Noticed a tengu warrior
 12283 | D:14     | Killed a tengu warrior
 12457 | D:14     | Noticed Roxanne
 12680 | Lair:1   | Entered Level 1 of the Lair of Beasts
 12713 | Lair:1   | Reached skill level 10 in Dodging
 12737 | Lair:1   | Reached XP level 13. HP: 112/112 MP: 13/13
 13182 | Lair:1   | Reached skill level 14 in Fighting
 13958 | D:10     | Bought a runed scimitar for 189 gold pieces
 14119 | Lair:2   | Reached skill level 1 in Long Blades
 14390 | Lair:2   | Found a hole to the Spider Nest.
 14655 | Lair:2   | Found a runed translucent gate.
 14655 | Lair:2   | Found a runed translucent gate.
 14655 | Lair:2   | Found a runed translucent gate.
 14655 | Lair:2   | Noticed Chadd's ghost (journeyman CoHu)
 14944 | Lair:2   | Reached ***** piety under Trog
 15243 | Lair:2   | Found a staircase to the Shoals.
 15263 | Lair:2   | Reached skill level 5 in Long Blades
 16758 | Lair:4   | Found a staircase to the Slime Pits.
 16791 | Lair:4   | Reached XP level 14. HP: 121/121 MP: 14/14
 16800 | Lair:4   | Acquired a neodymium module {rPois rF+ rCorr Clar RMsl}
 16873 | Lair:4   | Reached skill level 15 in Fighting
 17360 | Lair:4   | Reached skill level 10 in Long Blades
 17646 | Lair:4   | Identified the +8 trident of the Floral God {venom, rF-
                  | Int-5 Dex+8 SInv}
 18166 | Lair:5   | Entered Level 5 of the Lair of Beasts
 18313 | Lair:5   | Found a dark tunnel.
 18328 | Volcano  | Entered a volcano
 18564 | Volcano  | Found a bloodstained altar of Trog.
 18926 | Lair:5   | Reached XP level 15. HP: 129/129 MP: 15/15
 18939 | Lair:5   | Noticed Kirke
 18953 | Lair:5   | Killed Kirke
 19420 | Lair:5   | Received a gift from Trog
 19587 | Lair:5   | Found a burning altar of Makhleb.
 19613 | Lair:5   | Found a gateway to Hell.
 20143 | Orc:1    | Entered Level 1 of the Orcish Mines
 20306 | Orc:1    | Noticed Erolcha
 20316 | Orc:1    | Killed Erolcha
 20409 | Orc:1    | Found a roughly hewn altar of Beogh.
 20914 | Orc:2    | Entered Level 2 of the Orcish Mines
 20920 | Orc:2    | Received a gift from Trog
 21179 | Orc:2    | Found Behedgh's Antique Armour Emporium.
 21224 | Orc:2    | Noticed an orc warlord
 21234 | Orc:2    | Killed an orc warlord
 21245 | Orc:2    | Bought a spiked chain mail for 304 gold pieces
 21245 | Orc:2    | Identified the +0 chain mail of Lilacs {Fly Str+3 Slay+5}
                  | (You bought it in a shop on level 2 of the Orcish Mines)
 21450 | Orc:2    | Found a staircase to the Elven Halls.
 21556 | Orc:2    | Found Teogev's Jewellery Emporium.
 21572 | Orc:2    | Found Cubbuf's Antique Weapon Emporium.
 21581 | Orc:2    | Reached skill level 10 in Armour
 21649 | Orc:2    | Found Vontann's Jewellery Shop.
 21832 | Orc:2    | Found Yxzucros's General Store.
 21840 | Orc:2    | Bought a scroll of identify for 24 gold pieces
 21840 | Orc:2    | Bought a potion of curing for 36 gold pieces
 22326 | D:14     | Received a gift from Trog
 22354 | D:14     | Found a gate to the Vaults.
 22516 | D:15     | Entered Level 15 of the Dungeon
 22691 | D:15     | Reached XP level 16. HP: 136/136 MP: 16/16
 23849 | D:15     | Found a staircase to the Depths.
 24673 | Spider:1 | Entered Level 1 of the Spider Nest
 24816 | Spider:1 | HP: 8/189 [torpor snail (15)]
 24817 | Spider:1 | HP: 2/189 [redback (6)]
 24818 | Spider:1 | Mangled by a torpor snail

Illustrated notes

Levels and vault maps discovered:
D:1:      reono_arrival_mine, layout_loops_cross, nicolae_grassy_gnolls
D:2:      layout_basic
D:3:      layout_loops_ring, mainiacjoe_overflow_boulevard,
          minmay_misc_feat_more_columns, chequers_mini_garden, uniq_ijyb
D:4:      layout_loops_cross, lemuel_doored_altar,
          lemuel_coloured_pillars_altar, minmay_temple_entry_glassed_door,
          serial_shops, shop, shop, shop, shop, shop, kennysheep_crisscross
D:5:      layout_basic
D:6:      layout_cave_pools, minmay_misc_feat_enclosed
D:7:      layout_cave_pools, grunt_temple_overflow_order_and_chaos_2
D:8:      layout_basic, nicolae_yredelemnul_ghost_church,
          nicolae_overflow_crystal_walls, kennysheep_mini_moat,
          dpeg_oklobed_lair, uniq_joseph, uniq_maurice
D:9:      layout_gridville, old_standard_altar
D:10:     layout_basic, serial_shops, nicolae_stop_n_shop_1,
          nicolae_shop_crystal
D:11:     layout_cave_pools, minmay_orc_entry_guard_dogs,
          nicolae_trove_entry_diagonal, nicolae_uskayaw_murder_on_the_dancefloor
D:12:     layout_loops_ring, trog_antimagical
D:13:     layout_stronghold, serial_shops, shop, shop, shop,
          kennysheep_okawaru_gauntlet
D:14:     layout_irregular_city, ximxim_vaults_locker_room,
          nicolae_concentric_dashed_squares_mild, serial_bayou_crossing,
          uniq_roxanne
D:15:     grunt_enter_depths_magical_seal, layout_irregular_city,
          minmay_large_rounded_square
Temple:   hellmonk_temple_forest_ring
Lair:1:   layout_loops_ring, wad_woods_road_01, nicolae_lair_liquid_snakes
Lair:2:   layout_cellular_growth, minmay_shoals_entry_hut,
          spider_nest_entry_webs, ebering_ghost_rock_garden
Lair:3:   layout_chaotic_city
Lair:4:   nzn_winding_woodlands_cross [nzn_winding_woodlands_5x15_pockets,
          nzn_winding_woodlands_5x15_default,
          nzn_winding_woodlands_5x15_crooked,
          nzn_winding_woodlands_5x15_default,
          nzn_winding_woodlands_15x15_thick_spiral], layout_cave_shapes,
          slime_entry_1
Lair:5:   evil_forest, layout_gridlike, nicolae_volcano_entry_hallway,
          serial_bayou_shore_b, infiniplex_staircase_pool, uniq_kirke
Spider:1: layout_spider_delve, uniq_nikola, uniq_frances
Orc:1:    layout_diamond_mine, basic_altar, uniq_erolcha
Orc:2:    grunt_orc_gardens, layout_caves, grunt_orc_garden, grunt_orc_garden,
          grunt_orc_garden, grunt_orc_garden, serial_shops, shop

Skill      XL: |  1  2  3  4  5  6  7  8  9 10 11 12 13 14 15 16 |
---------------+-------------------------------------------------+-----
Dodging        | 1 2 3 6 7 10 11 13 | 13.9
Armour         | 2 5 7 10 11 | 11.3
Stealth        | 1 |  1.0
Short Blades   | 1 2 3 4 5 9 10 | 10.0
Fighting       | 2 3 4 7 9 10 12 13 14 15 | 15.0
Evocations     | 5 |  5.0
Long Blades    | 7 12 | 12.3

Action                     |  1- 3 |  4- 6 |  7- 9 | 10-12 | 13-15 | 16-18 || total
---------------------------+-------+-------+-------+-------+-------+-------++-------
  Melee: Dagger            |    78 |   127 |   205 |   562 |   775 |   143 ||  1890
         Club              |    30 |       |       |       |       |       ||    30
         Short sword       |    37 |       |       |   429 |   296 |       ||   762
         Scimitar          |       |       |       |       |   475 |   146 ||   621
 Invoke: Berserk           |       |       |       |     5 |    18 |     1 ||    24
         Trog's Hand       |       |       |       |     2 |     2 |       ||     4
         Brothers in Arms  |       |       |       |       |     2 |     1 ||     3
Ability: Invent Gizmo      |       |       |       |       |     1 |       ||     1
  Evoke: Wand              |     4 |     1 |       |    12 |    38 |     7 ||    62
    Use: Scroll            |     1 |     3 |     7 |     7 |    13 |     2 ||    33
         Potion            |       |       |     2 |     4 |     3 |     1 ||    10
   Stab: Sleeping          |     1 |     6 |     1 |     3 |     2 |       ||    13
         Paralysed         |       |     2 |       |       |       |       ||     2
         Distracted        |       |       |       |     1 |     3 |       ||     4
 Armour: Leather armour    |    43 |    25 |    64 |   195 |       |       ||   327
         Ring mail         |       |    13 |       |    69 |   475 |   154 ||   711
  Dodge: Dodged            |    44 |    23 |    65 |   325 |   618 |   230 ||  1305
         Repelled          |       |       |       |       |    12 |     6 ||    18

Table legend: (Time is in decaauts)
 A = Elapsed time spent in this place.
 B = Non-inter-level travel time spent in this place.
 C = Inter-level travel time spent in this place.
 D = Time resting spent in this place.
 E = Time spent auto-exploring this place.
 F = Levels seen in this place.
 G = Mean time per level.
                   A        B        C        D        E       F      G
               +--------+--------+--------+--------+--------+-----+--------+
         Total |  24498 |  22900 |   1598 |   1457 |  17571 |  25 |  979.9 |
       Dungeon |  15313 |  14105 |   1208 |    686 |  11326 |  15 | 1020.9 |
        Temple |     29 |     16 |     13 |      0 |      0 |   1 |   29.0 |
          Lair |   6847 |   6536 |    311 |    568 |   4880 |   5 | 1369.4 |
   Spider Nest |    137 |    137 |      0 |      0 |    108 |   1 |  137.0 |
  Orcish Mines |   1829 |   1764 |     65 |     42 |   1257 |   2 |  914.5 |
       Volcano |    341 |    341 |      0 |    160 |      0 |   1 |  341.0 |
               +--------+--------+--------+--------+--------+-----+--------+

Top non-repeatable levels by time:
    D:15: 1930 daAuts
  Lair:4: 1484 daAuts
  Lair:1: 1445 daAuts
  Lair:5: 1445 daAuts
  Lair:2: 1435 daAuts
     D:8: 1330 daAuts
     D:9: 1311 daAuts
     D:5: 1217 daAuts
    D:13: 1170 daAuts
    D:12: 1128 daAuts
  Lair:3: 1037 daAuts
   Orc:2: 982 daAuts
    D:14: 912 daAuts
    D:11: 901 daAuts
    D:10: 896 daAuts
